Predators vs Sabres (R1)

Created - 8 novembre 2012 at 19:30

Simulating a Pre-Season

Goals
1 2 3 OT1 SO T
Predators 1 0 1 0 1 2
Sabres 1 1 0 0 2 3
Shots
1 2 3 OT1 SO T
Predators 7 5 3 1 3 16
Sabres 9 6 9 1 3 25

1st period

1. Predators , Alexander Ovechkin 3 (Joe Thornton) at 11:17
2. Sabres , Dave Tanabe 1 (Greg Campbell, Boyd Devereaux) at 16:09

Penalties :
Chris Simon (Nas) for Hooking (Minor) at 0:46, Mike Ribeiro (Nas) for Cross-checking (Minor) at 7:10, Alexander Ovechkin (Nas) for Holding (Minor) at 16:44, Niclas Bergfors (Buf) for Interference (Minor) at 17:53

2nd period

3. Sabres , Michal Rozsival 2 (Brendan Morrison, Andreas Johansson) at 7:02 (PP)

Penalties :
Oleg Saprykin (Nas) for Holding (Minor) at 6:56, Brad Ference (Nas) for Goalie Interference (Minor) at 7:19, Barret Jackman (Nas) for Hooking (Minor) at 16:10, Jason Ward (Buf) for Hooking (Minor) at 18:44

3rd period

4. Predators , Paul Mara 1 (Michael Grabner, Oleg Saprykin) at 3:20

Penalties :
Andrei Markov (Nas) for Tripping (Minor) at 4:52, Sami Salo (Buf) for Tripping (Minor) at 7:35, Mike Ribeiro (Nas) for Tripping (Minor) at 10:37, Ethan Moreau (Buf) for Tripping (Minor) at 15:38

Overtime #1

No Goal

Penalties :
No Penalty

Shootout

Penalty Shot by Alexander Ovechkin for Predators - Goal!
Penalty Shot by Mats Sundin for Sabres - Stopped by Nikolai Khabibulin
Penalty Shot by Joe Thornton for Predators - Stopped by Niklas Backstrom
Penalty Shot by Markus Naslund for Sabres - Goal!
Penalty Shot by Mike Ribeiro for Predators - Stopped by Niklas Backstrom
Penalty Shot by Pavol Demitra for Sabres - Goal!

Penalties :
No Penalty

Goalie Stats

Nikolai Khabibulin (Nas), 23 saves from 25 shots - (0,920), OTL, 1-2-1, 65:00 minutes
Niklas Backstrom (Buf), 14 saves from 16 shots - (0,875), W, 2-2-1, 65:00 minutes

Players Stats for Predators

Player Name              G  A  P  +/- PIM S  H  SB GA TA FO     MP     PP MP  PK MP  
------------------------------------------------------------------------------------
Adrian Aucoin            0  0  0   1  0   1  0  3  1  2  0/0    28:24   4:30   7:29 
Alexander Ovechkin       1  0  1   1  2   4  2  1  0  1  4/11   25:10   3:49   6:12 
Andrei Markov            0  0  0  -1  2   0  2  6  0  2  0/0    27:17   4:30   6:22 
Antti Laaksonen          0  0  0   0  0   0  0  0  0  0  0/0     7:44   0:00   1:34 
Barret Jackman           0  0  0   1  2   0  1  1  0  0  0/0    12:41   0:00   0:20 
Brad Ference             0  0  0   1  2   0  1  0  0  0  0/0    19:35   2:36   4:28 
Chris Simon              0  0  0   0  2   1  1  1  1  0  0/0    12:46   3:17   0:00 
Jean-Pierre Dumont       0  0  0   1  0   0  1  1  0  0  0/0    18:45   3:30   4:08 
Jeff Schultz             0  0  0   0  0   0  0  0  0  0  0/0     5:31   0:00   0:36 
Joe Thornton             0  1  1   1  0   1  2  1  0  0  6/16   23:07   3:24   6:58 
Kent Huskins             0  0  0  -1  0   0  0  2  0  0  0/0    23:15   2:36   5:20 
Mariusz Czerkawski       0  0  0   0  0   0  3  0  0  0  0/0    13:18   3:17   0:00 
Michael Grabner          0  1  1   0  0   0  1  0  0  0  0/0    12:54   0:00   0:00 
Mike Ribeiro             0  0  0   0  4   3  3  1  3  0  3/8    18:33   3:17   3:12 
Mike Sillinger           0  0  0   0  0   2  2  1  0  1  5/10   17:57   0:16   0:58 
Oleg Saprykin            0  1  1   0  2   2  4  0  0  0  0/0    15:06   0:25   0:00 
Paul Mara                1  0  1   1  0   1  0  1  0  1  0/0    13:49   0:00   1:43 
Todd White               0  0  0   0  0   1  0  0  0  0  0/5    10:01   0:03   3:16 

Players Stats for Sabres

Player Name              G  A  P  +/- PIM S  H  SB GA TA FO     MP     PP MP  PK MP  
------------------------------------------------------------------------------------
Andreas Johansson        0  1  1  -1  0   1  3  1  0  0  0/0    20:01   7:13   1:23 
Boyd Devereaux           0  1  1   0  0   1  2  1  0  0  4/6    12:11   0:00   4:09 
Brendan Morrison         0  1  1  -1  0   1  0  0  1  0  12/20  20:57   7:15   0:11 
Daniel Cleary            0  0  0   1  0   1  2  0  0  0  2/2    14:15   0:08   4:09 
Dave Tanabe              1  0  1   0  0   4  1  1  1  0  0/0    19:56   5:12   0:37 
Drew Fata                0  0  0   0  0   0  0  1  0  0  0/0    17:57   0:00   3:55 
Ethan Moreau             0  0  0   0  2   0  0  0  0  0  1/1     7:47   0:00   0:00 
Greg Campbell            0  1  1   1  0   1  2  0  0  1  4/4    10:48   0:00   1:32 
Jason Ward               0  0  0   0  2   2  1  0  0  1  0/0    10:46   0:03   1:14 
Markus Naslund           0  0  0  -1  0   0  2  0  0  0  0/0    19:41   5:46   1:32 
Martin Sonnenberg        0  0  0   1  0   4  2  0  0  0  0/0    10:45   0:15   0:00 
Mats Sundin              0  0  0  -1  0   3  1  0  0  0  9/15   18:12   5:46   0:00 
Mattias Timander         0  0  0  -1  0   1  2  1  0  0  0/0    22:20   7:57   0:52 
Michal Rozsival          1  0  1  -1  0   2  3  0  3  1  0/0    26:18   7:57   3:11 
Niclas Bergfors          0  0  0  -1  2   2  2  1  2  0  0/1    17:29   7:14   0:00 
Ole-Kristian Tollefsen   0  0  0   0  0   0  0  2  0  0  0/0    18:46   0:00   3:18 
Pavol Demitra            0  0  0  -1  0   2  3  0  0  1  0/1    19:08   5:46   0:02 
Sami Salo                0  0  0   0  2   0  1  3  0  1  0/0    24:43   5:12   2:19 

3 Stars

1 - Paul Mara (Nas)
2 - Dave Tanabe (Buf)
3 - Alexander Ovechkin (Nas)

Power Play

Predators - 0 on 4 Attempt(s) - 0,00%
Sabres - 1 on 8 Attempt(s) - 12,50%

Penalty Kill

Predators - 7 on 8 Attempt(s) - 87,50% - Score 0 goal in Penalty Kill
Sabres - 4 on 4 Attempt(s) - 100,00% - Score 0 goal in Penalty Kill

Official

Referees : Walsh Ian and VanMassenhoven Don
Linesman : Derek Amell and Pierre Champoux

Game Notes

11:07 of 1st period - Predators goal is going for a video replay. After video review, No Goal. The puck has been directed, batted or thrown into the net by an attacking player other than with a stick.

Predators

5 vs 5 Forward 
   Center                   Left Wing                Right Wing               Time % Phy DF OF 
 1 Mike Sillinger           Oleg Saprykin            Michael Grabner          40     1   2  2  
 2 Joe Thornton             Alexander Ovechkin       Jean-Pierre Dumont       30     1   2  2  
 3 Mike Ribeiro             Chris Simon              Mariusz Czerkawski       20     1   2  2  
 4 Todd White               Antti Laaksonen          Alexander Ovechkin       10     1   2  2  

5 vs 5 Defense 
   Defense                  Defense                                           Time % Phy DF OF 
 1 Kent Huskins             Andrei Markov                                     40     1   2  2  
 2 Brad Ference             Adrian Aucoin                                     30     1   2  2  
 3 Barret Jackman           Paul Mara                                         20     1   2  2  
 4 Jeff Schultz             Adrian Aucoin                                     10     1   2  2  

PowerPlay Forward 
   Center                   Left Wing                Right Wing               Time % Phy DF OF 
 1 Joe Thornton             Alexander Ovechkin       Jean-Pierre Dumont       60     1   2  2  
 2 Mike Ribeiro             Chris Simon              Mariusz Czerkawski       40     1   2  2  

PowerPlay Defense
   Defense                  Defense                                           Time % Phy DF OF 
 1 Adrian Aucoin            Andrei Markov                                     60     1   2  2  
 2 Brad Ference             Kent Huskins                                      40     1   2  2  

Penalty Kill 4 Players Forward 
   Center                   Wing                     Time % Phy DF OF 
 1 Alexander Ovechkin       Joe Thornton             60     1   2  2  
 2 Mike Ribeiro             Jean-Pierre Dumont       40     1   2  2  

Penalty Kill 4 Players Defense
   Defense                  Defense                  Time % Phy DF OF 
 1 Adrian Aucoin            Andrei Markov            60     1   2  2  
 2 Brad Ference             Kent Huskins             40     1   2  2  

Penalty Kill - 3 Players Forward 
   Forward                                           Time % Phy DF OF 
 1 Alexander Ovechkin                                60     1   2  2  
 2 Joe Thornton                                      40     1   2  2  

Penalty Kill - 3 Players Defense
   Defense                  Defense                  Time % Phy DF OF 
 1 Adrian Aucoin            Andrei Markov            60     1   2  2  
 2 Brad Ference             Kent Huskins             40     1   2  2  

4 vs 4 Forward 
   Center                   Wing                     Time % Phy DF OF 
 1 Alexander Ovechkin       Joe Thornton             60     1   2  2  
 2 Mike Ribeiro             Jean-Pierre Dumont       40     1   2  2  

4 vs 4 Defense
   Defense                  Defense                  Time % Phy DF OF 
 1 Adrian Aucoin            Andrei Markov            60     1   2  2  
 2 Brad Ference             Kent Huskins             40     1   2  2  

Last Minutes Offensive
   Center                   Left Wing                Right Wing               Defense                  Defense                  
   Joe Thornton             Alexander Ovechkin       Jean-Pierre Dumont       Adrian Aucoin            Andrei Markov            

Last Minutes Defensive
   Center                   Left Wing                Right Wing               Defense                  Defense                  
   Joe Thornton             Alexander Ovechkin       Jean-Pierre Dumont       Adrian Aucoin            Andrei Markov            

Goaltenders
Starting : Nikolai Khabibulin       
Backup : Rick DiPietro            

Extra Forwards
Normal : Mike Sillinger, Oleg Saprykin, Todd White - PP : Mike Sillinger, Oleg Saprykin - PK : Todd White
Extra Defensemen
Normal : Barret Jackman, Paul Mara, Jeff Schultz - PP : Barret Jackman - PK : Paul Mara, Jeff Schultz
Penalty Shots
Alexander Ovechkin, Joe Thornton, Mike Ribeiro, Jean-Pierre Dumont, Chris Simon

Sabres

5 vs 5 Forward 
   Center                   Left Wing                Right Wing               Time % Phy DF OF 
 1 Mats Sundin              Markus Naslund           Niclas Bergfors          32     0   3  2  
 2 Brendan Morrison         Andreas Johansson        Pavol Demitra            32     1   2  2  
 3 Greg Campbell            Martin Sonnenberg        Daniel Cleary            20     2   2  1  
 4 Boyd Devereaux           Ethan Moreau             Jason Ward               16     0   3  2  

5 vs 5 Defense 
   Defense                  Defense                                           Time % Phy DF OF 
 1 Michal Rozsival          Mattias Timander                                  36     1   3  1  
 2 Ole-Kristian Tollefsen   Sami Salo                                         34     2   2  1  
 3 Dave Tanabe              Drew Fata                                         30     0   4  1  
 4 Dave Tanabe              Drew Fata                                         0      0   5  0  

PowerPlay Forward 
   Center                   Left Wing                Right Wing               Time % Phy DF OF 
 1 Brendan Morrison         Andreas Johansson        Niclas Bergfors          60     1   2  2  
 2 Mats Sundin              Markus Naslund           Pavol Demitra            40     1   2  2  

PowerPlay Defense
   Defense                  Defense                                           Time % Phy DF OF 
 1 Michal Rozsival          Mattias Timander                                  60     0   2  3  
 2 Dave Tanabe              Sami Salo                                         40     0   2  3  

Penalty Kill 4 Players Forward 
   Center                   Wing                     Time % Phy DF OF 
 1 Boyd Devereaux           Daniel Cleary            60     0   4  1  
 2 Greg Campbell            Markus Naslund           40     1   4  0  

Penalty Kill 4 Players Defense
   Defense                  Defense                  Time % Phy DF OF 
 1 Ole-Kristian Tollefsen   Drew Fata                60     1   4  0  
 2 Michal Rozsival          Sami Salo                40     1   3  1  

Penalty Kill - 3 Players Forward 
   Forward                                           Time % Phy DF OF 
 1 Boyd Devereaux                                    60     0   5  0  
 2 Greg Campbell                                     40     0   5  0  

Penalty Kill - 3 Players Defense
   Defense                  Defense                  Time % Phy DF OF 
 1 Dave Tanabe              Drew Fata                60     0   5  0  
 2 Michal Rozsival          Sami Salo                40     1   4  0  

4 vs 4 Forward 
   Center                   Wing                     Time % Phy DF OF 
 1 Brendan Morrison         Pavol Demitra            50     1   3  1  
 2 Mats Sundin              Markus Naslund           50     1   2  2  

4 vs 4 Defense
   Defense                  Defense                  Time % Phy DF OF 
 1 Ole-Kristian Tollefsen   Sami Salo                60     1   4  0  
 2 Dave Tanabe              Drew Fata                40     0   5  0  

Last Minutes Offensive
   Center                   Left Wing                Right Wing               Defense                  Defense                  
   Brendan Morrison         Markus Naslund           Mats Sundin              Michal Rozsival          Sami Salo                

Last Minutes Defensive
   Center                   Left Wing                Right Wing               Defense                  Defense                  
   Boyd Devereaux           Markus Naslund           Daniel Cleary            Ole-Kristian Tollefsen   Drew Fata                

Goaltenders
Starting : Niklas Backstrom         
Backup : Scott Clemmensen         

Extra Forwards
Normal : Jason Ward, Martin Sonnenberg, Andreas Johansson - PP : Martin Sonnenberg, Daniel Cleary - PK : Jason Ward
Extra Defensemen
Normal : Mattias Timander, Michal Rozsival, Ole-Kristian Tollefsen - PP : Ole-Kristian Tollefsen - PK : Mattias Timander, Dave Tanabe
Penalty Shots
Mats Sundin, Markus Naslund, Pavol Demitra, Niclas Bergfors, Brendan Morrison

% Time on Ice - Predators

Lines # - Real PCT - Wanted PCT - Time Play
Normal Forward
1 - 42% - 40% - 16:12
2 - 24% - 30% - 9:10
3 - 24% - 20% - 9:28
4 - 10% - 10% - 4:05
Normal Defense
1 - 33% - 40% - 12:45
2 - 28% - 30% - 10:44
3 - 28% - 20% - 10:56
4 - 12% - 10% - 4:30
PP Forward
1 - 54% - 60% - 3:49
2 - 46% - 40% - 3:17
PP Defense
1 - 63% - 60% - 4:30
2 - 37% - 40% - 2:36
PK Forward
1 - 67% - 60% - 8:50
2 - 33% - 40% - 4:19
PK Defense
1 - 59% - 60% - 7:49
2 - 41% - 40% - 5:20
PK3 Forward
1 - 0% - 60%
2 - 0% - 40%
PK3 Defense
1 - 0% - 60%
2 - 0% - 40%
44 Forward
1 - 79% - 60% - 4:38
2 - 21% - 40% - 1:12
44 Defense
1 - 63% - 60% - 3:41
2 - 37% - 40% - 2:09
Last Minute Offensive  - 0:00
Last Minute Defensive  - 0:00
Total
Forward - 65:00
Defense - 65:00

% Time on Ice - Sabres

Lines # - Real PCT - Wanted PCT - Time Play
Normal Forward
1 - 28% - 32% - 10:43
2 - 29% - 32% - 11:14
3 - 24% - 20% - 9:14
4 - 20% - 16% - 7:44
Normal Defense
1 - 34% - 36% - 13:14
2 - 37% - 34% - 14:22
3 - 29% - 30% - 11:19
4 - 0% - 0% - 0:00
PP Forward
1 - 56% - 60% - 7:23
2 - 44% - 40% - 5:46
PP Defense
1 - 60% - 60% - 7:57
2 - 40% - 40% - 5:12
PK Forward
1 - 78% - 60% - 5:34
2 - 22% - 40% - 1:32
PK Defense
1 - 46% - 60% - 3:18
2 - 54% - 40% - 3:48
PK3 Forward
1 - 0% - 60%
2 - 0% - 40%
PK3 Defense
1 - 0% - 60%
2 - 0% - 40%
44 Forward
1 - 49% - 50% - 2:53
2 - 51% - 50% - 2:57
44 Defense
1 - 49% - 60% - 2:52
2 - 51% - 40% - 2:58
Last Minute Offensive  - 0:00
Last Minute Defensive  - 0:00
Total
Forward - 65:00
Defense - 65:00

Play by Play

1st period


0:01 of 1st period - Mats Sundin wins face-off versus Mike Sillinger in neutral zone.
0:46 of 1st period - Minor Penalty to Chris Simon for Hooking.
0:47 of 1st period - Joe Thornton wins face-off versus Brendan Morrison in Predators zone.
0:47 of 1st period - Joe Thornton is hit by Mattias Timander.
0:54 of 1st period - Icing by Mattias Timander.
0:55 of 1st period - Brendan Morrison wins face-off versus Alexander Ovechkin in Sabres zone.
1:35 of 1st period - Snap shot by Mats Sundin.
1:35 of 1st period - Shot Blocked by Joe Thornton.
1:37 of 1st period - Slapshot by Markus Naslund.
1:37 of 1st period - Shot Misses the Net.
2:46 of 1st period - Penalty to Chris Simon is over, Chris Simon is back on ice.
2:50 of 1st period - Snap shot by Mike Sillinger.
2:50 of 1st period - Stopped by Niklas Backstrom with a rebound.
3:15 of 1st period - Boyd Devereaux is hit by Chris Simon and loses puck.
3:22 of 1st period - Slapshot by Sami Salo.
3:22 of 1st period - Shot Misses the Net.
4:09 of 1st period - Icing by Alexander Ovechkin.
4:10 of 1st period - Ethan Moreau wins face-off versus Todd White in Predators zone.
4:13 of 1st period - Wrist shot by Boyd Devereaux.
4:13 of 1st period - Shot Blocked by Adrian Aucoin.
5:06 of 1st period - Wrist shot by Joe Thornton.
5:06 of 1st period - Stopped by Niklas Backstrom without a rebound.
5:07 of 1st period - Mats Sundin wins face-off versus Joe Thornton in Sabres zone.
5:19 of 1st period - Michal Rozsival is hit by Alexander Ovechkin and loses puck.
5:49 of 1st period - Wrist shot by Mike Ribeiro.
5:49 of 1st period - Shot Misses the Net.
5:55 of 1st period - Pavol Demitra is hit by Mariusz Czerkawski and loses puck.
6:30 of 1st period - Brad Ference is hit by Sami Salo.
6:34 of 1st period - Ole-Kristian Tollefsen is hit by Oleg Saprykin and loses puck.
6:55 of 1st period - Snap shot by Dave Tanabe.
6:55 of 1st period - Stopped by Nikolai Khabibulin without a rebound.
6:56 of 1st period - Greg Campbell wins face-off versus Mike Ribeiro in Predators zone.
7:01 of 1st period - Snap shot by Daniel Cleary.
7:01 of 1st period - Shot Misses the Net.
7:03 of 1st period - Snap shot by Daniel Cleary.
7:03 of 1st period - Shot Misses the Net.
7:05 of 1st period - Slapshot by Dave Tanabe.
7:05 of 1st period - Shot Blocked by Barret Jackman.
7:07 of 1st period - Slapshot by Daniel Cleary.
7:07 of 1st period - Stopped by Nikolai Khabibulin with a rebound.
7:10 of 1st period - Minor Penalty to Mike Ribeiro for Cross-checking.
7:11 of 1st period - Brendan Morrison wins face-off versus Alexander Ovechkin in Predators zone.
7:22 of 1st period - Snap shot by Niclas Bergfors.
7:22 of 1st period - Shot Blocked by Adrian Aucoin.
7:24 of 1st period - Snap shot by Andreas Johansson.
7:24 of 1st period - Shot Misses the Net.
8:16 of 1st period - Sami Salo is hit by Joe Thornton.
9:10 of 1st period - Penalty to Mike Ribeiro is over, Mike Ribeiro is back on ice.
9:26 of 1st period - Snap shot by Ethan Moreau.
9:26 of 1st period - Shot Misses the Net.
9:45 of 1st period - Paul Mara is hit by Greg Campbell and loses puck.
9:59 of 1st period - Slapshot by Mike Ribeiro.
9:59 of 1st period - Shot Blocked by Dave Tanabe.
10:01 of 1st period - Snap shot by Antti Laaksonen.
10:01 of 1st period - Deflect By Mike Ribeiro.
10:01 of 1st period - Stopped by Niklas Backstrom with a rebound.
10:03 of 1st period - Slapshot by Mike Sillinger.
10:03 of 1st period - Shot Blocked by Drew Fata.
10:15 of 1st period - Dave Tanabe is hit by Mike Sillinger and loses puck.
10:31 of 1st period - Snap shot by Mike Sillinger.
10:31 of 1st period - Deflect By Mike Ribeiro.
10:31 of 1st period - Shot Blocked by Ole-Kristian Tollefsen.
10:31 of 1st period - Puck is out of play.
10:32 of 1st period - Joe Thornton wins face-off versus Brendan Morrison in Sabres zone.
10:47 of 1st period - Snap shot by Joe Thornton.
10:47 of 1st period - Shot Blocked by Sami Salo.
11:03 of 1st period - Snap shot by Chris Simon.
11:03 of 1st period - Shot Blocked by Ole-Kristian Tollefsen.
11:05 of 1st period - Wrist shot by Barret Jackman.
11:05 of 1st period - Shot Blocked by Andreas Johansson.
11:07 of 1st period - Wrist shot by Oleg Saprykin.
11:07 of 1st period - Predators goal is going for a video replay.
11:07 of 1st period - The goal is refused. The puck has been directed, batted or thrown into the net by an attacking player other than with a stick..
11:08 of 1st period - Joe Thornton wins face-off versus Mats Sundin in Sabres zone.
11:13 of 1st period - Wrist shot by Alexander Ovechkin.
11:13 of 1st period - Stopped by Niklas Backstrom without a rebound.
11:14 of 1st period - Joe Thornton wins face-off versus Mats Sundin in Sabres zone.
11:17 of 1st period - Backhand shot by Joe Thornton.
11:17 of 1st period - Deflect By Alexander Ovechkin.
11:17 of 1st period - Goal by Alexander Ovechkin - Predators : 1 - Sabres : 0.
11:18 of 1st period - Mats Sundin wins face-off versus Joe Thornton in neutral zone.
11:29 of 1st period - Slapshot by Mats Sundin.
11:29 of 1st period - Stopped by Nikolai Khabibulin with a rebound.
11:31 of 1st period - Wrist shot by Niclas Bergfors.
11:31 of 1st period - Shot Misses the Net.
11:33 of 1st period - Slapshot by Niclas Bergfors.
11:33 of 1st period - Stopped by Nikolai Khabibulin with a rebound.
12:16 of 1st period - Snap shot by Greg Campbell.
12:16 of 1st period - Stopped by Nikolai Khabibulin without a rebound.
12:17 of 1st period - Mats Sundin wins face-off versus Joe Thornton in Predators zone.
13:11 of 1st period - Snap shot by Mike Ribeiro.
13:11 of 1st period - Stopped by Niklas Backstrom without a rebound.
13:12 of 1st period - Joe Thornton wins face-off versus Niclas Bergfors in Sabres zone.
13:26 of 1st period - Off-side.
13:27 of 1st period - Brendan Morrison wins face-off versus Mike Sillinger in neutral zone.
13:30 of 1st period - Slapshot by Sami Salo.
13:30 of 1st period - Shot Blocked by Andrei Markov.
13:52 of 1st period - Jean-Pierre Dumont is hit by Mats Sundin and loses puck.
14:36 of 1st period - Off-side.
14:37 of 1st period - Greg Campbell wins face-off versus Todd White in neutral zone.
14:42 of 1st period - Wrist shot by Daniel Cleary.
14:42 of 1st period - Shot Misses the Net.
15:25 of 1st period - Wrist shot by Niclas Bergfors.
15:25 of 1st period - Deflect By Mats Sundin.
15:25 of 1st period - Stopped by Nikolai Khabibulin with a rebound.
15:27 of 1st period - Slapshot by Dave Tanabe.
15:27 of 1st period - Shot Blocked by Chris Simon.
15:53 of 1st period - Wrist shot by Joe Thornton.
15:53 of 1st period - Shot Misses the Net.
16:07 of 1st period - Wrist shot by Greg Campbell.
16:07 of 1st period - Shot Misses the Net.
16:09 of 1st period - Slapshot by Dave Tanabe.
16:09 of 1st period - Goal by Dave Tanabe - Predators : 1 - Sabres : 1.
16:10 of 1st period - Mike Sillinger wins face-off versus Pavol Demitra in neutral zone.
16:13 of 1st period - Slapshot by Andrei Markov.
16:13 of 1st period - Shot Misses the Net.
16:41 of 1st period - Wrist shot by Boyd Devereaux.
16:41 of 1st period - Stopped by Nikolai Khabibulin with a rebound.
16:43 of 1st period - Snap shot by Jason Ward.
16:43 of 1st period - Deflect By Boyd Devereaux.
16:43 of 1st period - Deflect By Andrei Markov.
16:43 of 1st period - Shot Blocked by Andrei Markov.
16:43 of 1st period - Puck is out of play.
16:44 of 1st period - Mats Sundin wins face-off versus Joe Thornton in Predators zone.
16:44 of 1st period - Minor Penalty to Alexander Ovechkin for Holding.
16:45 of 1st period - Brendan Morrison wins face-off versus Todd White in Predators zone.
17:07 of 1st period - Icing by Mattias Timander.
17:08 of 1st period - Brendan Morrison wins face-off versus Mike Ribeiro in Sabres zone.
17:19 of 1st period - Slapshot by Niclas Bergfors.
17:19 of 1st period - Stopped by Nikolai Khabibulin without a rebound.
17:20 of 1st period - Mats Sundin wins face-off versus Todd White in Predators zone.
17:25 of 1st period - Snap shot by Mats Sundin.
17:25 of 1st period - Shot Misses the Net.
17:45 of 1st period - Mattias Timander is hit by Andrei Markov and loses puck.
17:53 of 1st period - Minor Penalty to Niclas Bergfors for Interference.
17:54 of 1st period - Mike Sillinger wins face-off versus Brendan Morrison in Sabres zone.
18:44 of 1st period - Penalty to Alexander Ovechkin is over, Alexander Ovechkin is back on ice.
18:56 of 1st period - Daniel Cleary is hit by Mariusz Czerkawski and loses puck.
19:53 of 1st period - Penalty to Niclas Bergfors is over, Niclas Bergfors is back on ice.

2nd period


0:01 of 2nd period - Alexander Ovechkin wins face-off versus Mats Sundin in neutral zone.
0:10 of 2nd period - Snap shot by Alexander Ovechkin.
0:10 of 2nd period - Stopped by Niklas Backstrom without a rebound.
0:11 of 2nd period - Mike Sillinger wins face-off versus Mats Sundin in Sabres zone.
1:09 of 2nd period - Snap shot by Chris Simon.
1:09 of 2nd period - Stopped by Niklas Backstrom with a rebound.
1:25 of 2nd period - Slapshot by Todd White.
1:25 of 2nd period - Stopped by Niklas Backstrom with a rebound.
1:47 of 2nd period - Slapshot by Markus Naslund.
1:47 of 2nd period - Shot Blocked by Mike Sillinger.
1:49 of 2nd period - Snap shot by Markus Naslund.
1:49 of 2nd period - Deflect By Mats Sundin.
1:49 of 2nd period - Shot Misses the Net.
1:49 of 2nd period - Puck is out of play.
1:50 of 2nd period - Mike Ribeiro wins face-off versus Brendan Morrison in Predators zone.
2:03 of 2nd period - Slapshot by Mike Ribeiro.
2:03 of 2nd period - Shot Blocked by Sami Salo.
2:15 of 2nd period - Andrei Markov is hit by Martin Sonnenberg and loses puck.
3:50 of 2nd period - Daniel Cleary is hit by Oleg Saprykin and loses puck.
4:53 of 2nd period - Snap shot by Andreas Johansson.
4:53 of 2nd period - Shot Blocked by Andrei Markov.
4:55 of 2nd period - Wrist shot by Andreas Johansson.
4:55 of 2nd period - Shot Misses the Net.
5:03 of 2nd period - Snap shot by Andreas Johansson.
5:03 of 2nd period - Shot Blocked by Alexander Ovechkin.
5:36 of 2nd period - Alexander Ovechkin is hit by Markus Naslund and loses puck.
5:53 of 2nd period - Slapshot by Adrian Aucoin.
5:53 of 2nd period - Stopped by Niklas Backstrom with a rebound.
5:55 of 2nd period - Slapshot by Brad Ference.
5:55 of 2nd period - Shot Misses the Net.
6:20 of 2nd period - Backhand shot by Jason Ward.
6:20 of 2nd period - Stopped by Nikolai Khabibulin with a rebound.
6:22 of 2nd period - Snap shot by Michal Rozsival.
6:22 of 2nd period - Stopped by Nikolai Khabibulin without a rebound.
6:23 of 2nd period - Boyd Devereaux wins face-off versus Todd White in Predators zone.
6:28 of 2nd period - Snap shot by Jason Ward.
6:28 of 2nd period - Stopped by Nikolai Khabibulin without a rebound.
6:29 of 2nd period - Mike Sillinger wins face-off versus Mats Sundin in Predators zone.
6:29 of 2nd period - Mike Sillinger is hit by Niclas Bergfors.
6:36 of 2nd period - Icing by Mats Sundin.
6:37 of 2nd period - Mats Sundin wins face-off versus Mike Sillinger in Sabres zone.
6:37 of 2nd period - Mats Sundin is hit by Oleg Saprykin.
6:56 of 2nd period - Minor Penalty to Oleg Saprykin for Holding.
6:57 of 2nd period - Brendan Morrison wins face-off versus Alexander Ovechkin in Predators zone.
7:02 of 2nd period - Wrist shot by Michal Rozsival.
7:02 of 2nd period - Goal by Michal Rozsival - Predators : 1 - Sabres : 2.
7:03 of 2nd period - Brendan Morrison wins face-off versus Joe Thornton in neutral zone.
7:19 of 2nd period - Minor Penalty to Brad Ference for Goalie Interference.
7:20 of 2nd period - Alexander Ovechkin wins face-off versus Brendan Morrison in Predators zone.
7:43 of 2nd period - Slapshot by Mats Sundin.
7:43 of 2nd period - Shot Hit the Post.
7:51 of 2nd period - Snap shot by Pavol Demitra.
7:51 of 2nd period - Stopped by Nikolai Khabibulin without a rebound.
7:52 of 2nd period - Alexander Ovechkin wins face-off versus Brendan Morrison in Predators zone.
7:52 of 2nd period - Alexander Ovechkin is hit by Andreas Johansson.
8:04 of 2nd period - Snap shot by Brendan Morrison.
8:04 of 2nd period - Shot Blocked by Kent Huskins.
8:06 of 2nd period - Wrist shot by Andreas Johansson.
8:06 of 2nd period - Shot Misses the Net.
8:08 of 2nd period - Slapshot by Dave Tanabe.
8:08 of 2nd period - Stopped by Nikolai Khabibulin with a rebound.
8:18 of 2nd period - Pavol Demitra is hit by Joe Thornton and loses puck.
9:19 of 2nd period - Penalty to Brad Ference is over, Brad Ference is back on ice.
9:37 of 2nd period - Dave Tanabe is hit by Mike Sillinger and loses puck.
10:34 of 2nd period - Michal Rozsival is hit by Mike Ribeiro and loses puck.
11:33 of 2nd period - Barret Jackman is hit by Martin Sonnenberg and loses puck.
11:56 of 2nd period - Snap shot by Mats Sundin.
11:56 of 2nd period - Shot Blocked by Mike Ribeiro.
12:27 of 2nd period - Wrist shot by Mike Ribeiro.
12:27 of 2nd period - Shot Misses the Net.
12:54 of 2nd period - Brad Ference is hit by Daniel Cleary and loses puck.
14:00 of 2nd period - Adrian Aucoin is hit by Daniel Cleary and loses puck.
14:54 of 2nd period - Andrei Markov is hit by Pavol Demitra and loses puck.
15:07 of 2nd period - Adrian Aucoin is hit by Michal Rozsival and loses puck.
15:14 of 2nd period - Paul Mara is hit by Greg Campbell and loses puck.
15:48 of 2nd period - Joe Thornton is hit by Boyd Devereaux and loses puck.
16:09 of 2nd period - Wrist shot by Oleg Saprykin.
16:09 of 2nd period - Shot Blocked by Niclas Bergfors.
16:10 of 2nd period - Minor Penalty to Barret Jackman for Hooking.
16:11 of 2nd period - Brendan Morrison wins face-off versus Alexander Ovechkin in Predators zone.
16:24 of 2nd period - Andrei Markov is hit by Michal Rozsival and loses puck.
16:47 of 2nd period - Dave Tanabe is hit by Jean-Pierre Dumont.
16:59 of 2nd period - Joe Thornton is hit by Niclas Bergfors and loses puck.
17:57 of 2nd period - Mattias Timander is hit by Brad Ference and loses puck.
18:10 of 2nd period - Penalty to Barret Jackman is over, Barret Jackman is back on ice.
18:19 of 2nd period - Icing by Barret Jackman.
18:20 of 2nd period - Greg Campbell wins face-off versus Alexander Ovechkin in Predators zone.
18:23 of 2nd period - Snap shot by Martin Sonnenberg.
18:23 of 2nd period - Shot Blocked by Paul Mara.
18:41 of 2nd period - Wrist shot by Alexander Ovechkin.
18:41 of 2nd period - Stopped by Niklas Backstrom without a rebound.
18:42 of 2nd period - Boyd Devereaux wins face-off versus Mike Ribeiro in Sabres zone.
18:44 of 2nd period - Minor Penalty to Jason Ward for Hooking.
18:45 of 2nd period - Mike Ribeiro wins face-off versus Boyd Devereaux in Sabres zone.
19:00 of 2nd period - Wrist shot by Adrian Aucoin.
19:00 of 2nd period - Shot Blocked by Boyd Devereaux.

3rd period


0:01 of 3rd period - Boyd Devereaux wins face-off versus Joe Thornton in neutral zone.
0:12 of 3rd period - Slapshot by Ole-Kristian Tollefsen.
0:12 of 3rd period - Shot Blocked by Adrian Aucoin.
0:26 of 3rd period - Boyd Devereaux is hit by Mariusz Czerkawski and loses puck.
0:33 of 3rd period - Snap shot by Mike Ribeiro.
0:33 of 3rd period - Shot Misses the Net.
0:35 of 3rd period - Wrist shot by Mike Ribeiro.
0:35 of 3rd period - Stopped by Niklas Backstrom without a rebound.
0:36 of 3rd period - Boyd Devereaux wins face-off versus Joe Thornton in Sabres zone.
0:44 of 3rd period - Penalty to Jason Ward is over, Jason Ward is back on ice.
1:41 of 3rd period - Jeff Schultz is hit by Markus Naslund and loses puck.
2:48 of 3rd period - Off-side.
2:49 of 3rd period - Brendan Morrison wins face-off versus Joe Thornton in neutral zone.
3:16 of 3rd period - Slapshot by Mike Sillinger.
3:16 of 3rd period - Deflect By Oleg Saprykin.
3:16 of 3rd period - Stopped by Niklas Backstrom with a rebound.
3:18 of 3rd period - Snap shot by Michael Grabner.
3:18 of 3rd period - Shot Misses the Net.
3:20 of 3rd period - Slapshot by Paul Mara.
3:20 of 3rd period - Deflect By Andreas Johansson.
3:20 of 3rd period - Goal by Paul Mara - Predators : 2 - Sabres : 2.
3:21 of 3rd period - Brendan Morrison wins face-off versus Mike Sillinger in neutral zone.
3:58 of 3rd period - Slapshot by Mike Sillinger.
3:58 of 3rd period - Shot Misses the Net.
4:10 of 3rd period - Martin Sonnenberg is hit by Alexander Ovechkin and loses puck.
4:47 of 3rd period - Snap shot by Mats Sundin.
4:47 of 3rd period - Shot Blocked by Andrei Markov.
4:49 of 3rd period - Slapshot by Mattias Timander.
4:49 of 3rd period - Stopped by Nikolai Khabibulin without a rebound.
4:50 of 3rd period - Mats Sundin wins face-off versus Mike Ribeiro in Predators zone.
4:52 of 3rd period - Minor Penalty to Andrei Markov for Tripping.
4:53 of 3rd period - Brendan Morrison wins face-off versus Alexander Ovechkin in Predators zone.
6:52 of 3rd period - Penalty to Andrei Markov is over, Andrei Markov is back on ice.
7:06 of 3rd period - Joe Thornton is hit by Boyd Devereaux and loses puck.
7:25 of 3rd period - Snap shot by Alexander Ovechkin.
7:25 of 3rd period - Shot Blocked by Mattias Timander.
7:27 of 3rd period - Snap shot by Mike Sillinger.
7:27 of 3rd period - Deflect By Michal Rozsival.
7:27 of 3rd period - Shot Misses the Net.
7:27 of 3rd period - Puck is out of play.
7:28 of 3rd period - Greg Campbell wins face-off versus Mike Sillinger in Sabres zone.
7:35 of 3rd period - Wrist shot by Martin Sonnenberg.
7:35 of 3rd period - Stopped by Nikolai Khabibulin without a rebound.
7:35 of 3rd period - Minor Penalty to Sami Salo for Tripping.
7:36 of 3rd period - Daniel Cleary wins face-off versus Mike Ribeiro in Sabres zone.
7:41 of 3rd period - Ole-Kristian Tollefsen is hit by Mike Ribeiro and loses puck.
7:46 of 3rd period - Snap shot by Mike Ribeiro.
7:46 of 3rd period - Shot Misses the Net.
8:31 of 3rd period - Snap shot by Alexander Ovechkin.
8:31 of 3rd period - Shot Misses the Net.
8:37 of 3rd period - Joe Thornton is hit by Andreas Johansson and loses puck.
9:23 of 3rd period - Kent Huskins is hit by Andreas Johansson and loses puck.
9:35 of 3rd period - Penalty to Sami Salo is over, Sami Salo is back on ice.
9:57 of 3rd period - Pavol Demitra is hit by Barret Jackman and loses puck.
10:22 of 3rd period - Snap shot by Martin Sonnenberg.
10:22 of 3rd period - Stopped by Nikolai Khabibulin with a rebound.
10:37 of 3rd period - Minor Penalty to Mike Ribeiro for Tripping.
10:38 of 3rd period - Brendan Morrison wins face-off versus Joe Thornton in Predators zone.
11:02 of 3rd period - Alexander Ovechkin is hit by Michal Rozsival and loses puck.
11:09 of 3rd period - Snap shot by Mats Sundin.
11:09 of 3rd period - Stopped by Nikolai Khabibulin with a rebound.
11:11 of 3rd period - Wrist shot by Pavol Demitra.
11:11 of 3rd period - Stopped by Nikolai Khabibulin with a rebound.
12:37 of 3rd period - Penalty to Mike Ribeiro is over, Mike Ribeiro is back on ice.
13:53 of 3rd period - Pavol Demitra is hit by Michael Grabner and loses puck.
14:16 of 3rd period - Mattias Timander is hit by Oleg Saprykin and loses puck.
14:26 of 3rd period - Off-side.
14:27 of 3rd period - Daniel Cleary wins face-off versus Joe Thornton in neutral zone.
14:32 of 3rd period - Wrist shot by Greg Campbell.
14:32 of 3rd period - Shot Misses the Net.
14:34 of 3rd period - Snap shot by Daniel Cleary.
14:34 of 3rd period - Shot Blocked by Andrei Markov.
14:36 of 3rd period - Slapshot by Greg Campbell.
14:36 of 3rd period - Shot Blocked by Jean-Pierre Dumont.
14:38 of 3rd period - Wrist shot by Martin Sonnenberg.
14:38 of 3rd period - Shot Misses the Net.
14:40 of 3rd period - Snap shot by Martin Sonnenberg.
14:40 of 3rd period - Stopped by Nikolai Khabibulin with a rebound.
14:42 of 3rd period - Backhand shot by Dave Tanabe.
14:42 of 3rd period - Stopped by Nikolai Khabibulin without a rebound.
14:43 of 3rd period - Mike Sillinger wins face-off versus Brendan Morrison in Predators zone.
14:52 of 3rd period - Snap shot by Brendan Morrison.
14:52 of 3rd period - Shot Blocked by Andrei Markov.
14:54 of 3rd period - Wrist shot by Pavol Demitra.
14:54 of 3rd period - Shot Blocked by Kent Huskins.
14:56 of 3rd period - Slapshot by Drew Fata.
14:56 of 3rd period - Shot Misses the Net.
14:58 of 3rd period - Snap shot by Andreas Johansson.
14:58 of 3rd period - Stopped by Nikolai Khabibulin with a rebound.
15:38 of 3rd period - Minor Penalty to Ethan Moreau for Tripping.
15:39 of 3rd period - Joe Thornton wins face-off versus Boyd Devereaux in Sabres zone.
15:54 of 3rd period - Slapshot by Alexander Ovechkin.
15:54 of 3rd period - Shot Misses the Net.
17:38 of 3rd period - Penalty to Ethan Moreau is over, Ethan Moreau is back on ice.
18:11 of 3rd period - Snap shot by Mats Sundin.
18:11 of 3rd period - Shot Misses the Net.
18:30 of 3rd period - Icing by Oleg Saprykin.
18:31 of 3rd period - Mike Ribeiro wins face-off versus Brendan Morrison in Predators zone.
19:25 of 3rd period - Alexander Ovechkin is hit by Mattias Timander and loses puck.
19:48 of 3rd period - Wrist shot by Martin Sonnenberg.
19:48 of 3rd period - Stopped by Nikolai Khabibulin with a rebound.

Overtime #1


0:01 of 1st overtime period - Mats Sundin wins face-off versus Alexander Ovechkin in neutral zone.
0:13 of 1st overtime period - Slapshot by Joe Thornton.
0:13 of 1st overtime period - Shot Misses the Net.
0:15 of 1st overtime period - Snap shot by Alexander Ovechkin.
0:15 of 1st overtime period - Shot Blocked by Sami Salo.
0:17 of 1st overtime period - Wrist shot by Joe Thornton.
0:17 of 1st overtime period - Shot Misses the Net.
0:27 of 1st overtime period - Alexander Ovechkin is hit by Pavol Demitra and loses puck.
0:38 of 1st overtime period - Slapshot by Brendan Morrison.
0:38 of 1st overtime period - Stopped by Nikolai Khabibulin without a rebound.
0:39 of 1st overtime period - Alexander Ovechkin wins face-off versus Mats Sundin in Predators zone.
1:36 of 1st overtime period - Wrist shot by Mike Sillinger.
1:36 of 1st overtime period - Stopped by Niklas Backstrom with a rebound.
2:09 of 1st overtime period - Pavol Demitra is hit by Mike Ribeiro and loses puck.
2:51 of 1st overtime period - Brad Ference is hit by Jason Ward and loses puck.
3:04 of 1st overtime period - Mike Ribeiro is hit by Dave Tanabe and loses puck.
3:58 of 1st overtime period - Oleg Saprykin is hit by Pavol Demitra and loses puck.
4:36 of 1st overtime period - Sami Salo is hit by Andrei Markov and loses puck.

ShootOut


5:00 of 1st overtime period - Penalty Shot by Alexander Ovechkin for Predators.
5:00 of 1st overtime period - Wrist shot by Alexander Ovechkin.
5:00 of 1st overtime period - Goal by Alexander Ovechkin.
5:00 of 1st overtime period - Penalty Shot by Mats Sundin for Sabres.
5:00 of 1st overtime period - Snap shot by Mats Sundin.
5:00 of 1st overtime period - Stopped by Nikolai Khabibulin.
5:00 of 1st overtime period - Penalty Shot by Joe Thornton for Predators.
5:00 of 1st overtime period - Wrist shot by Joe Thornton.
5:00 of 1st overtime period - Stopped by Niklas Backstrom.
5:00 of 1st overtime period - Penalty Shot by Markus Naslund for Sabres.
5:00 of 1st overtime period - Snap shot by Markus Naslund.
5:00 of 1st overtime period - Goal by Markus Naslund.
5:00 of 1st overtime period - Penalty Shot by Mike Ribeiro for Predators.
5:00 of 1st overtime period - Snap shot by Mike Ribeiro.
5:00 of 1st overtime period - Stopped by Niklas Backstrom.
5:00 of 1st overtime period - Penalty Shot by Pavol Demitra for Sabres.
5:00 of 1st overtime period - Wrist shot by Pavol Demitra.
5:00 of 1st overtime period - Goal by Pavol Demitra.


Output by the SimonT Hockey Simulator (STHS) for François Prévost -- Original Page W3C XHTML 1.0 Valid
Hockey Simulator - Hockey Simulation - Hockey Manager